Map: Terraform LE (Void)

Players

PvP

  • Race: Protoss Protoss
  • League: Platinum

ImotoFantasy - Winner!

  • Race: Protoss Protoss
  • League: Platinum

VOD

Have the link to the VOD?

Description

Time

  • Played on: Oct. 30, 2015, 10:34 p.m.
  • Length: 11:19
Show
View Real Time Build Order
Export as new Build Order

PvP Protoss 

Build Orders: Blink Stalkers 

Get SALT Encoding   

  12  0:01  Probe (Chrono Boost)  
  13  0:11  Probe (Chrono Boost)  
  14  0:18  Pylon  
  14  0:22  Probe (Chrono Boost)  
  15  0:37  Probe (Chrono Boost), Gateway  
  16  0:46  Assimilator  
  16  0:47  Probe (Chrono Boost)  
  17  0:52  Assimilator  
  17  0:58  Probe (Chrono Boost)  
  18  1:08  Probe (Chrono Boost)  
  19  1:19  Probe (Chrono Boost)  
  19  1:25  Pylon  
  20  1:27  Cybernetics Core  
  20  1:29  Probe (Chrono Boost)  
  21  1:40  Probe (Chrono Boost)  
  21  1:43  Zealot  
  24  1:50  Probe (Chrono Boost)  
  26  2:01  Probe (Chrono Boost)  
  26  2:12  Probe (Chrono Boost)  
  26  2:13  Stalker  
  26  2:15  Warp Gate  
  29  2:27  Nexus  
  29  2:33  Mothership Core (Chrono Boost)  
  31  2:39  Pylon  
  31  2:55  Probe (Chrono Boost)  
  31  2:58  Twilight Council  
  31  3:06  Probe (Chrono Boost)  
  31  3:09  Gateway  
  32  3:17  Pylon  
  32  3:19  Probe (Chrono Boost), Pylon  
  33  3:32  Probe (Chrono Boost)  
  34  3:35  Blink (Chrono Boost)  
  34  3:42  Probe (Chrono Boost)  
  34  3:44  Probe (Chrono Boost)  
  36  3:50  Robotics Facility  
  36  3:53  Probe (Chrono Boost)  
  37  4:01  Probe (Chrono Boost)  
  38  4:03  Probe (Chrono Boost)  
  38  4:09  Gateway  
  39  4:10  Probe (Chrono Boost)  
  39  4:14  Probe  
  41  4:20  Probe  
  42  4:26  Probe  
  42  4:27  Gateway  
  42  4:30  Probe  
  43  4:32  Pylon  
  43  4:38  Probe  
  45  4:44  Observer (Chrono Boost)  
  45  4:45  Stalker, Probe  
  46  4:46  Stalker  
  46  4:50  Probe  
  52  4:56  Probe  
  53  5:02  Probe  
  53  5:03  Immortal (Chrono Boost)  
  53  5:06  Stalker, Probe  
  60  5:09  Stalker  
  60  5:10  Stalker  
  65  5:36  Probe  
  65  5:37  Stalker x3  
  65  5:38  Probe  
  65  5:40  Pylon  
  73  5:42  Pylon  
  73  5:43  Assimilator  
  73  5:44  Assimilator  
  73  5:45  Immortal (Chrono Boost)  
  73  5:48  Probe  
  78  5:58  Probe  
  78  6:03  Probe  
  79  6:10  Nexus  
  80  6:12  Pylon  
  80  6:14  Probe  
  80  6:17  Stalker x2  
  85  6:20  Stalker  
  87  6:28  Probe, Robotics Bay  
  88  6:33  Probe  
  89  6:40  Probe  
  89  6:42  Stalker x2  
  89  6:43  Stalker  
  96  7:01  Probe  
  97  7:05  Gateway  
  97  7:06  Gateway  
  97  7:09  Gateway  
  97  7:11  Gateway, Forge  
  83  7:39  Stalker x4  
  91  7:50  Disruptor (Chrono Boost)  
  94  7:54  Protoss Ground Weapons Level 1  
  94  7:56  Robotics Facility  
  94  7:59  Pylon  
  94  8:09  Stalker x2  
  94  8:10  Stalker x2  
  101  8:21  Probe  
  101  8:26  Probe  
  101  8:36  Probe  
  102  8:47  Stalker x3, Probe  
  102  8:48  Stalker x5  
  119  9:00  Disruptor (Chrono Boost)  
  122  9:06  Disruptor (Chrono Boost)  
  112  9:23  Stalker x4  
  98  9:40  Pylon x2  
  98  9:44  Pylon  
  89  9:55  Stalker x3  
  89  9:59  Disruptor (Chrono Boost)  
  96  10:01  Nexus  
  96  10:06  Zealot  
  96  10:12  Colossus (Chrono Boost)  
  82  10:26  Stalker  
  82  10:27  Stalker x3  
  56  10:52  Mothership Core  
  56  10:53  Stalker x4  
Show
View Real Time Build Order
Export as new Build Order

ImotoFantasy Protoss - Winner!

Build Orders: Blink Stalkers 

Get SALT Encoding   

  12  0:00  Probe (Chrono Boost)  
  13  0:11  Probe (Chrono Boost)  
  14  0:17  Pylon  
  14  0:22  Probe (Chrono Boost)  
  15  0:36  Probe (Chrono Boost)  
  15  0:40  Gateway  
  16  0:46  Probe (Chrono Boost)  
  16  0:47  Assimilator  
  17  0:52  Assimilator  
  18  0:57  Probe (Chrono Boost)  
  18  1:07  Probe (Chrono Boost)  
  19  1:18  Probe (Chrono Boost)  
  20  1:28  Probe (Chrono Boost)  
  21  1:35  Cybernetics Core  
  21  1:39  Probe (Chrono Boost)  
  22  1:49  Probe (Chrono Boost)  
  23  2:01  Pylon  
  23  2:12  Probe (Chrono Boost)  
  23  2:13  Nexus  
  23  2:20  Pylon  
  23  2:26  Mothership Core (Chrono Boost)  
  23  2:29  Warp Gate  
  25  2:46  Probe (Chrono Boost)  
  25  2:49  Stalker  
  28  2:57  Probe (Chrono Boost)  
  29  3:01  Twilight Council  
  29  3:06  Gateway  
  29  3:09  Probe (Chrono Boost)  
  30  3:19  Probe (Chrono Boost)  
  32  3:27  Probe (Chrono Boost), Gateway  
  32  3:30  Probe (Chrono Boost)  
  33  3:41  Blink (Chrono Boost)  
  33  3:42  Probe x2  
  37  3:56  Probe  
  37  3:57  Probe  
  39  4:06  Probe  
  39  4:07  Robotics Facility  
  39  4:09  Probe  
  39  4:13  Pylon  
  39  4:17  Probe  
  39  4:18  Assimilator  
  39  4:19  Assimilator  
  39  4:21  Probe  
  41  4:29  Probe  
  42  4:33  Probe  
  42  4:35  Stalker  
  42  4:36  Stalker x2  
  49  4:40  Probe  
  50  4:45  Probe  
  51  4:57  Probe  
  51  4:58  Observer  
  51  4:59  Probe  
  54  5:02  Pylon  
  54  5:08  Stalker x3  
  54  5:09  Pylon  
  60  5:30  Probe x2  
  60  5:35  Immortal (Chrono Boost)  
  66  5:38  Robotics Bay  
  66  5:39  Stalker, Pylon  
  66  5:40  Stalker  
  70  5:47  Stalker  
  72  5:51  Probe  
  71  6:05  Immortal (Chrono Boost)  
  75  6:13  Forge  
  75  6:26  Sentry  
  75  6:27  Zealot x2  
  81  6:35  Pylon  
  81  6:37  Disruptor  
  81  6:39  Pylon  
  81  6:44  Gateway  
  84  6:47  Gateway  
  84  6:48  Gateway  
  84  6:58  Protoss Ground Weapons Level 1 (Chrono Boost)  
  84  7:08  Disruptor  
  83  7:16  Pylon, Zealot x3  
  85  7:42  Disruptor  
  85  7:44  Stalker x3  
  94  7:53  Nexus  
  94  7:55  Probe x2  
  94  7:58  Pylon  
  96  8:16  Zealot  
  96  8:17  Immortal, Zealot x5  
  108  8:20  Charge  
  108  8:22  Probe x2  
  114  8:47  Stalker x2  
  118  8:52  Pylon  
  118  8:55  Pylon  
  118  8:58  Assimilator  
  118  8:59  Assimilator  
  110  9:26  Zealot x2  
  110  9:27  Zealot x4  
  106  9:53  Stalker x2  
  106  9:54  Stalker x4, Disruptor  
  109  10:15  Probe  
  109  10:17  Probe x2  
  109  10:18  Stalker x3  
  109  10:19  Stalker x3  
  118  10:26  Probe  
  97  10:51  Stalker x4  
  97  10:52  Stalker x2  
  113  11:01  Probe  
  113  11:03  Probe x2  
Tags
 
Add a new tag
Caveats
  • Supply blocks, unpowered buildings, or Contaminate may cause inaccurate times.
  • Supply counts are checked every 10 seconds.